 Dungeon Crawl Stone Soup version 0.21.1-1-g345015f (webtiles) character file.

16299 poirepourri the Peltast (level 12, -1/94 HPs)
             Began as a Minotaur Fighter on July 11, 2018.
             Was a High Priest of Makhleb.
             Slain by a nine-headed hydra (9 damage)
             ... on level 11 of the Dungeon.
             The game lasted 00:14:56 (13382 turns).

poirepourri the Peltast (Minotaur Fighter)         Turns: 13382, Time: 00:14:57

Health: -1/94      AC: 14    Str: 25    XL:     12   Next: 8%
Magic:  11/11      EV: 14    Int: 11    God:    Makhleb [*****.]
Gold:   262        SH: 17    Dex: 14    Spells: 11/11 levels left

rFire    + . .     SeeInvis .   a - +4 war axe
rCold    . . .     Gourm    .   c - +2 shield
rNeg     + . .     Faith    .   J - +0 scale mail of the Quahog {rN+ Int+6}
rPois    .         Spirit   .   i - +2 hat
rElec    .         Reflect  .   d - +0 cloak
rCorr    +         Harm     .   y - +2 pair of gloves {Str+3}
MR       .....                  (no boots)
Stlth    ..........             (no amulet)
HPRegen  0.25/turn              C - ring of resist corrosion
MPRegen  0.12/turn              B - ring of protection from fire

@: about to teleport
A: retaliatory headbutt, horns 2
a: Minor Destruction, Lesser Servant of Makhleb, Major Destruction, Greater
Servant of Makhleb, Renounce Religion


You were on level 11 of the Dungeon.
You worshipped Makhleb.
Makhleb was extremely pleased with you.
You were not hungry.

You visited 3 branches of the dungeon, and saw 14 of its levels.

You collected 587 gold pieces.
You spent 325 gold pieces at shops.

Inventory:

Hand Weapons
 a - a +4 war axe (weapon)
 b - a +1 flail of protection
 m - a +3 vampiric war axe
Missiles
 s - 12 javelins (quivered)
 t - 88 bolts
 u - 5 tomahawks
Armour
 c - a +2 shield (worn)
 d - a +0 cloak (worn)
 i - a +2 hat (worn)
 y - a +2 pair of gloves of strength (worn)
 F - a scarf of cloud immunity
 J - the +0 scale mail of the Quahog (worn) {rN+ Int+6}
   (You found it on level 11 of the Dungeon)

   It affects your intelligence (+6).
   It protects you from negative energy.
Jewellery
 g - an uncursed ring of fire
 B - a ring of protection from fire (right hand)
 C - a ring of resist corrosion (left hand)
Wands
 w - a wand of polymorph (5)
 x - a wand of enslavement (8)
 z - a wand of acid (7)
 D - a wand of flame (33)
 E - a wand of iceblast (7)
 K - a wand of random effects (20)
Scrolls
 e - 4 scrolls of teleportation
 p - 8 scrolls of remove curse
Potions
 h - 3 potions of flight
 j - a potion of magic
 k - a potion of mutation {unknown}
 l - 3 potions of agility
 n - 3 potions of heal wounds
 o - 3 potions of invisibility
 q - 2 potions of degeneration
 v - a potion of lignification {unknown}
 A - 3 potions of curing
 G - a potion of might
 I - a potion of brilliance {unknown}
Books
 r - a book of Conjurations

   Spells                             Type                      Level
   a - Magic Dart                     Conjuration                  1
   b - Searing Ray                    Conjuration                  2
   c - Dazzling Spray                 Conjuration/Hexes            3
   d - Fulminant Prism                Conjuration/Hexes            4
   e - Force Lance                    Conjuration/Translocation    4
   f - Iskenderun's Mystic Blast      Conjuration                  4
Comestibles
 f - 12 rations


   Skills:
 - Level 5.0 Fighting
 + Level 13.5 Axes
 - Level 7.0 Armour
 - Level 7.2 Dodging
 - Level 15.6 Shields


You had 11 spell levels left.
You didn't know any spells.

Dungeon Overview and Level Annotations

Branches:
Dungeon (12/15)            Temple (1/1) D:4            Lair (1/6) D:11
    Orc (0/2) D:12

Altars:
Ashenzari
Cheibriados
Dithmenos
Elyvilon
Fedhas
Gozag
Hepliaklqana
Kikubaaqudgha
Makhleb
Nemelex Xobeh
Okawaru
Qazlal
Ru
Sif Muna
Trog
Uskayaw
Vehumet
Wu Jian
Xom
Yredelemnul
Zin
The Shining One

Shops:
D:6 (   D:9 =


Innate Abilities, Weirdness & Mutations

You reflexively headbutt those who attack you in melee.
You have a pair of horns on your head.


Message History

* * * LOW HITPOINT WARNING * * *
The nine-headed hydra bites you but does no damage.
The nine-headed hydra misses you.
You climb upwards.
Welcome back to the Dungeon!
There is a staircase to the Lair, spattered with blood here.
Unknown command.
Unknown command.
As you read the scroll of teleportation, it crumbles to dust.
You feel strangely unstable.
You block the nine-headed hydra's attack.
The nine-headed hydra bites you but does no damage.
The nine-headed hydra barely misses you.
The nine-headed hydra bites you!
* * * LOW HITPOINT WARNING * * *
You block the nine-headed hydra's attack.
The nine-headed hydra bites you but does no damage. x2
The nine-headed hydra bites you!
* * * LOW HITPOINT WARNING * * *
The nine-headed hydra bites you!
You die...

###.# ###.## .....#
###### ###
#####.###########
##.##...#....#.D@#
#.#...#....##..#####
##.........^...# #.#
.............#.###.#
.........###...##'(#
.###..#..#####..[###
#..####...# ###..#
##.# ##.## #.รท.##
#### ### #####


You could see a nine-headed hydra.

Vanquished Creatures
  Erolcha (D:9)
  Harold (D:11)
  2 two-headed ogres
  The ghost of 2BAD the Basher, a novice DsFi of Okawaru (D:11)
  An unseen horror (D:11)
  Pikel (D:7)
  A cyclops (D:11)
  The ghost of Zubo the Destroyer, a novice DECj of Vehumet (D:7)
  A spiny frog (Lair:1)
  The ghost of dscm the Chopper, a novice DsGl (D:5)
  A gargoyle (D:11)
  2 komodo dragons
  2 trolls
  The ghost of dscm the Digger, an amateur OpEE (D:4)
  2 hippogriffs
  6 wyverns
  2 basilisks
  A wraith (D:10)
  Eustachio (D:5)
  A steam dragon (D:10)
  3 yaks (D:9)
  The ghost of senseless the Slasher, an amateur DsGl (D:3)
  Menkaure (D:5)
  A water moccasin (D:8)
  A porcupine (Lair:1)
  2 phantoms
  A swamp drake (D:11)
  2 ice beasts
  4 orc warriors
  3 sky beasts
  A slave (D:7)
  2 eyes of draining (D:9)
  2 black bears (D:7)
  9 ogres
  6 centaurs
  2 crocodiles (D:11)
  A big kobold (D:9)
  8 bullfrogs
  2 wyvern skeletons
  A scorpion (D:6)
  A water moccasin zombie (D:7)
  17 killer bees
  3 howler monkeys (D:11)
  6 wights
  7 crimson imps
  5 jellies
  5 orc wizards
  8 hounds
  2 orc priests (D:8)
  Crazy Yiuf (D:6)
  5 bullfrog skeletons
  A centaur skeleton (D:11)
  5 iguanas
  8 worker ants
  A killer bee zombie (D:8)
  3 hound skeletons
  Robin (D:2)
  20 adders
  4 gnolls (D:7)
  A howler monkey skeleton (D:9)
  6 shadow imps
  7 oozes
  An adder skeleton (D:7)
  4 worms
  2 dart slugs
  4 leopard geckos
  35 orcs
  6 giant cockroaches
  25 goblins
  10 hobgoblins
  11 jackals
  6 quokkas
  A ball python (D:1)
  11 bats
  4 frilled lizards
  9 kobolds
  10 rats
339 creatures vanquished.

Notes
Turn   | Place    | Note
-------+----------+-------------------------------------------
     0 | D:1      | poirepourri the Minotaur Fighter began the quest for the Orb.
     0 | D:1      | Reached XP level 1. HP: 19/19 MP: 0/0
   131 | D:1      | Reached XP level 2. HP: 26/26 MP: 1/1
   252 | D:1      | Reached XP level 3. HP: 32/33 MP: 2/2
   762 | D:2      | Found a glowing golden altar of the Shining One.
   774 | D:2      | Noticed Robin
   784 | D:2      | Reached XP level 4. HP: 28/41 MP: 3/3
   785 | D:2      | Killed Robin
   785 | D:2      | Reached skill level 5 in Fighting
  1288 | D:2      | Found a faded altar of an unknown god.
  1535 | D:2      | Reached skill level 5 in Axes
  1765 | D:3      | Reached XP level 5. HP: 43/48 MP: 4/4
  1857 | D:3      | Noticed senseless's ghost (amateur DsGl)
  1866 | D:3      | Killed senseless's ghost
  1866 | D:3      | Reached XP level 6. HP: 51/56 MP: 5/5
  2363 | D:3      | You fall through a shaft!
  2566 | D:4      | Found a staircase to the Ecumenical Temple.
  2596 | Temple   | Entered the Ecumenical Temple
  2934 | Temple   | Became a worshipper of Makhleb the Destroyer
  3332 | D:4      | Found a radiant altar of Vehumet.
  3686 | D:3      | Found a hazy altar of Hepliaklqana.
  3686 | D:3      | Found a basalt altar of Yredelemnul.
  3847 | D:4      | Noticed dscm's ghost (amateur OpEE)
  3886 | D:4      | Killed dscm's ghost
  3886 | D:4      | Reached XP level 7. HP: 33/61 MP: 6/6
  4205 | D:5      | Entered Level 5 of the Dungeon
  4295 | D:5      | Noticed dscm's ghost (novice DsGl)
  4299 | D:5      | Noticed Menkaure
  4302 | D:5      | Noticed a wyvern
  4304 | D:5      | Killed dscm's ghost
  4304 | D:5      | Reached skill level 10 in Axes
  4304 | D:5      | Reached XP level 8. HP: 49/68 MP: 7/7
  4305 | D:5      | Killed Menkaure
  4311 | D:5      | Reached * piety under Makhleb
  4534 | D:5      | Found a snail-covered altar of Cheibriados.
  4681 | D:5      | Noticed Eustachio
  4687 | D:5      | Killed Eustachio
  4875 | D:5      | Reached skill level 4 in Shields
  5068 | D:6      | Found a sparkling altar of Nemelex Xobeh.
  5140 | D:6      | Reached skill level 5 in Shields
  5144 | D:6      | Reached XP level 9. HP: 65/74 MP: 8/8
  5149 | D:6      | Reached skill level 6 in Shields
  5403 | D:6      | Found Ricium's Antique Weapon Boutique.
  5566 | D:6      | Found an opulent altar of Gozag.
  5660 | D:6      | Found a runed door.
  5720 | D:6      | Noticed Crazy Yiuf
  5727 | D:6      | Killed Crazy Yiuf
  5899 | D:7      | Reached skill level 7 in Shields
  5939 | D:7      | Reached ** piety under Makhleb
  6013 | D:7      | Noticed Zubo's ghost (novice DECj)
  6013 | D:7      | Reached skill level 8 in Shields
  6038 | D:7      | Found a bloodstained altar of Trog.
  6046 | D:7      | Reached skill level 9 in Shields
  6412 | D:7      | Killed Zubo's ghost
  6412 | D:7      | Reached skill level 10 in Shields
  6579 | D:7      | Noticed Pikel
  6589 | D:7      | Killed Pikel
  6589 | D:7      | Reached skill level 11 in Shields
  6915 | D:8      | Found a blossoming altar of Fedhas.
  6917 | D:8      | Found an ancient bone altar of Kikubaaqudgha.
  6989 | D:8      | Noticed a two-headed ogre
  7281 | D:8      | Reached skill level 1 in Dodging
  7282 | D:8      | Reached XP level 10. HP: 69/81 MP: 9/9
  7322 | D:8      | Killed a two-headed ogre
  7322 | D:8      | Reached *** piety under Makhleb
  7322 | D:8      | Reached skill level 5 in Dodging
  7952 | D:8      | Found a bloodstained altar of Trog.
  8185 | D:9      | Noticed a two-headed ogre
  8201 | D:9      | Killed a two-headed ogre
  8225 | D:9      | Noticed Erolcha
  8237 | D:9      | Killed Erolcha
  8357 | D:9      | Reached skill level 12 in Shields
  8393 | D:9      | Reached **** piety under Makhleb
  8393 | D:9      | Reached XP level 11. HP: 86/86 MP: 10/10
  8662 | D:9      | Found Saejosk's Jewellery Shop.
  8665 | D:9      | Bought an uncursed ring of protection from fire for 325 gold pieces
  8875 | D:10     | Entered Level 10 of the Dungeon
  9044 | D:10     | Reached skill level 13 in Shields
  9608 | D:11     | Reached ***** piety under Makhleb
  9609 | D:11     | Noticed 2BAD's ghost (novice DsFi)
 10460 | D:11     | Noticed Harold
 10475 | D:11     | Killed Harold
 10475 | D:11     | Reached skill level 14 in Shields
 10902 | D:11     | Killed 2BAD's ghost
 10902 | D:11     | Reached skill level 15 in Shields
 10928 | D:11     | Killed an unseen horror
 11208 | D:11     | Got a distressingly furry scale mail
 11363 | D:11     | Identified the cursed +0 scale mail of the Quahog {rN+ Int+6} (You found it on level 11 of the Dungeon)
 11589 | D:11     | Found a staircase to the Lair.
 12173 | D:12     | Found a staircase to the Orcish Mines.
 12195 | D:12     | Reached XP level 12. HP: 68/94 MP: 11/11
 12446 | D:12     | Noticed a seven-headed hydra
 12937 | Lair:1   | Entered Level 1 of the Lair of Beasts
 12984 | Lair:1   | Noticed a seven-headed hydra
 13382 | D:11     | Slain by a nine-headed hydra

Skill      XL: |  1  2  3  4  5  6  7  8  9 10 11 |
---------------+----------------------------------+-----
Axes           | 3 4 5 6 9 10 12 13 | 13.5
Fighting       | 4 5 |  5.0
Shields        | 5 11 12 15 | 15.6
Dodging        | 1 7 |  7.2
Armour         | 7 |  7.0

Action                   |  1- 3 |  4- 6 |  7- 9 | 10-12 || total
-------------------------+-------+-------+-------+-------++-------
Melee: War axe           |    77 |   138 |   206 |   506 ||   927
       Headbutt          |    12 |    12 |    40 |   127 ||   191
       Flail             |       |       |       |     4 ||     4
  Use: Scroll            |     2 |     7 |    12 |    16 ||    37
       Potion            |       |     1 |     5 |     2 ||     8
  Eat: Ration            |       |     4 |     2 |     8 ||    14
Armor: Scale mail        |    71 |    82 |    71 |   175 ||   399
Dodge: Dodged            |    38 |    47 |    37 |   271 ||   393
Block: Shield            |    74 |    85 |    91 |   369 ||   619
